 Dungeon Crawl Stone Soup version 0.27.1-34-g3ba077fa99 (webtiles) character file.

Game seed: 10659044668257242345

177 horus123 the Slasher (level 5, 0/48 HPs)
             Began as a Deep Elf Gladiator on Feb 5, 2022.
             Slain by an orc warrior (12 damage)
             ... on level 3 of the Dungeon.
             The game lasted 00:11:10 (4131 turns).

horus123 the Slasher (Deep Elf Gladiator)           Turns: 4131, Time: 00:11:10

Health: 0/48       AC: 22    Str: 11    XL:     5   Next: 31%
Magic:  7/7        EV:  2    Int: 13    God:
Gold:   39         SH:  0    Dex: 17    Spells: 4/4 levels left

rFire    . . .     SeeInvis .   a - +0 long sword
rCold    . . .     Faith    .   (no shield)
rNeg     + + +     Spirit   .   (armour currently unavailable)
rPois    +         Reflect  .   (helmet currently unavailable)
rElec    .         Harm     .   (cloak currently unavailable)
rCorr    .         Rampage  .   (gloves currently unavailable)
Will     .....     NoTele   +   (boots currently unavailable)
Stlth    ++........             (no amulet)
HPRegen  0.16/turn              (no ring)
MPRegen  0.10/turn              (no ring)

@: tree-form
A: stationary, stasis, torment immunity, boosted hp
a: no special abilities


You were on level 3 of the Dungeon.
You were a tree.
You visited 1 branch of the dungeon, and saw 3 of its levels.

You collected 727 gold pieces.
You spent 688 gold pieces at shops.

Inventory:

Hand Weapons
 a - a +0 long sword (weapon)
Missiles
 d - 3 throwing nets (quivered)
 m - 17 poisoned darts
Armour
 b - a +0 leather armour
 c - a +1 helmet (melded)
 h - the +5 robe of Misfortune (melded) {Contam Harm *Corrode Drain *Slow EV+5}
   (You bought it in a shop on level 1 of the Dungeon)

   EV:        It affects your evasion (+5).
   Contam:    It causes magical contamination when unequipped.
   *Corrode:  It may corrode you when you take damage.
   Drain:     It drains your maximum health when unequipped.
   *Slow:     It may slow you when you take damage.
   Harm:      It increases damage dealt and taken.
Scrolls
 i - 2 scrolls of teleportation
Potions
 f - a potion of magic {unknown}
 g - a potion of cancellation
 j - a potion of mutation {unknown}
 k - 2 potions of might {unknown}
 l - a potion of degeneration {unknown}


   Skills:
 - Level 3.0 Fighting
 + Level 4.4 Long Blades
 - Level 2.0 Throwing
 - Level 4.2 Dodging


You had 4 spell levels left.
You didn't know any spells.
Your spell library contained the following spells:

 Spells                   Type           Power      Damage    Failure   Level
 Shock                    Conj/Air       0%         1d3       30%         1
 Corpse Rot               Necr/Air       N/A        N/A       43%         2
 Poisonous Vapours        Pois/Air       0%         N/A       43%         2
 Frozen Ramparts          Ice            0%         1d2       67%         3
 Swiftness                Air            0%         N/A       67%         3
 Airstrike                Air            0%         N/A       97%         4
 Silence                  Hex/Air        0%         N/A       100%        5
 Ozocubu's Refrigeration  Ice            0%         4d5       100%        7


Dungeon Overview and Level Annotations

Branches:
Dungeon (3/15)

Altars:

Shops:
D:1 =[[!


Message History

The orc wizard is lightly wounded.
The orc wizard hits you but does no damage.
The orc wizard gestures at you while chanting.
You are confused.
Items here: )) [ †.
You bump into the rock wall.
You see here a ball python corpse.
You bump into the rock wall.
The orc wizard casts a spell.
The orc wizard flickers and vanishes!
Deactivating autopickup; reactivate with Ctrl-A.
The orc warrior closely misses you.
The orc wizard casts a spell.
The orc wizard flickers and vanishes!
You completely miss the orc warrior.
The orc warrior hits you with a +0 hand axe.
The orc warrior barely misses you.
You hit the orc warrior.
The orc warrior is lightly wounded.
The orc warrior hits you with a +0 hand axe!
You bump into the rock wall.
You feel less confused.
The orc priest casts a cantrip, but nothing happens.
The orc warrior completely misses you.
It was a potion of lignification.
You turn into a tree.
Your +1 helmet melds into your body.
The +5 robe of Misfortune {Contam Harm *Corrode Drain *Slow EV+5} melds into your body.
Your roots penetrate the ground.
The orc warrior hits you but does no damage.
You barely miss the orc warrior.
The orc warrior is lightly wounded.
The orc warrior hits you with a +0 hand axe!
* * * LOW HITPOINT WARNING * * *
You hit the orc warrior but do no damage.
The orc warrior is lightly wounded.
The orc warrior hits you but does no damage.
You hit the orc warrior.
The orc warrior is lightly wounded.
The orc warrior hits you with a +0 hand axe!
You die...

*,******###..####.#.# *********
*,,,,* #,** #.#.# ****,* *,*
#.#.### *,* *,* ##.....# *,* *,*
##....#.# **,** *,* #.....#.#
****,,,*****,* #{o..##.#
*,,,,,,,>,,*,* #o#(....###
*,**,,,***,*,* #♣#.......#
*,***,** *,*,* #.#######.#
,,***,** *>*,* #.# #.# #####
,,,**,,***,*,* #.# #.# #....
**,**,,,**,*,* #.# #.# #.###
*,,,,,,,,,,,###.# #.####.###
*****,,,****##.#.#######.........
≈≈≈***,** #.................###
≈≈≈* #.# ##...################


You could see an orc warrior and an orc priest.

Vanquished Creatures
  A sky beast (D:2)
  4 adders
  A dart slug (D:1)
  An orc (D:3)
  5 ball pythons
  4 endoplasms
  2 giant cockroaches (D:1)
  5 goblins
  3 hobgoblins
  4 jackals (D:1)
  6 bats
  3 frilled lizards
  6 kobolds
  6 rats
51 creatures vanquished.

Notes
Turn   | Place    | Note
-------+----------+-------------------------------------------
     0 | D:1      | horus123 the Deep Elf Gladiator began the quest for the
                  | Orb.
     0 | D:1      | Reached XP level 1. HP: 12/12 MP: 3/3
   124 | D:1      | Found a faded altar of an unknown god.
   134 | D:1      | Found Megomao's Antique Armour Shoppe.
   172 | D:1      | Reached XP level 2. HP: 17/17 MP: 4/4
   206 | D:1      | Found Buovadus's Distillery.
   830 | D:1      | Found Dechoali's Jewellery Shop.
   899 | D:1      | Found Jatomuzxu's Book Shop.
   996 | D:1      | Got the Papyrus of the Feathery Glacier
  1004 | D:1      | Reached XP level 3. HP: 22/22 MP: 5/5
  1298 | D:1      | Found Gudiyse's Antique Armour Emporium.
  3072 | D:3      | Found Eptic's Armour Emporium.
  3223 | D:3      | Identified a scroll of acquirement
  3223 | D:3      | Acquired 600 gold pieces
  3277 | D:3      | Reached XP level 4. HP: 25/28 MP: 6/6
  3386 | D:3      | Noticed a sky beast
  3678 | D:1      | Bought the +5 robe of Misfortune {Contam Harm *Corrode
                  | Drain *Slow EV+5} for 688 gold pieces
  3678 | D:1      | Found the +5 robe of Misfortune {Contam Harm *Corrode Drain
                  | *Slow EV+5}
  3723 | D:2      | Killed a sky beast
  3724 | D:2      | Reached XP level 5. HP: 23/32 MP: 7/7
  4107 | D:3      | Noticed an orc warrior
  4131 | D:3      | Slain by an orc warrior

Illustrated notes

Levels and vault maps discovered:
D:1:      roderic_crop_circles_arrival_small, layout_basic, serial_shops,
          nicolae_shop_window_shopping, shop, nicolae_shop_statue_plus, shop,
          nicolae_lakefront_shop, ebering_ecumenical_altar_sacrificial
D:2:      layout_basic, serial_rivers, chequers_serial_rivers_marsh,
          chequers_serial_rivers_micro_e, chequers_serial_rivers_large_a,
          chequers_serial_rivers_small_b
D:3:      layout_loops_ring, serial_shops, shop, roderic_three_in_a_row,
          kennysheep_generic_room_2

Skill      XL: |  1  2  3  4 |
---------------+-------------+-----
Fighting       | 2 3 |  3.0
Dodging        | 4 |  4.2
Long Blades    | 3 4 |  4.4
Throwing       | |  2.0

Action                   |  1- 3 |  4- 6 || total
-------------------------+-------+-------++-------
Melee: Long sword        |   111 |    42 ||   153
  Use: Scroll            |     4 |     3 ||     7
       Potion            |     1 |     1 ||     2
 Stab: Sleeping          |     1 |       ||     1
Armor: Leather armour    |    45 |     5 ||    50
       Robe              |       |    14 ||    14
       Skin              |       |     2 ||     2
Dodge: Dodged            |   102 |    28 ||   130
       Rpst.: Long sword |    38 |     9 ||    47
